Map: Orbital Shipyard

Players

RepOduCK

  • Race: Zerg Zerg
  • League: Master

Fullmetal - Winner!

  • Race: Terran Terran
  • League: Master

VOD

Have the link to the VOD?

Description

Time

  • Played on: Nov. 16, 2015, 11:52 p.m.
  • Length: 17:27
Show
View Real Time Build Order
Export as new Build Order

RepOduCK Zerg 

Build Orders: Hatch First 

Get SALT Encoding   

  12  0:01  Drone  
  13  0:12  Overlord  
  13  0:18  Drone  
  14  0:31  Drone x2  
  16  0:50  Hatchery  
  16  0:52  Drone  
  16  0:56  Drone  
  17  1:09  Spawning Pool  
  16  1:13  Drone  
  16  1:16  Extractor  
  16  1:18  Drone  
  17  1:22  Drone  
  18  1:29  Drone  
  19  1:41  Overlord  
  19  1:56  Zergling x2, Queen  
  22  2:02  Queen, Zergling x4  
  26  2:12  Drone  
  27  2:19  Metabolic Boost  
  27  2:20  Drone  
  29  2:22  Drone  
  29  2:28  Drone  
  30  2:33  Queen  
  32  2:38  Drone x2  
  34  2:45  Overlord  
  34  2:49  Drone  
  35  2:55  Drone  
  36  3:02  Overlord  
  36  3:05  Drone x3  
  39  3:09  Queen  
  39  3:11  Drone x2  
  43  3:18  Drone  
  43  3:19  Overlord  
  44  3:23  Drone x3  
  47  3:30  Extractor  
  47  3:31  Drone x2  
  48  3:36  Overlord  
  48  3:37  Drone x2  
  50  3:49  Hatchery  
  50  3:53  Queen  
  51  4:01  Roach Warren  
  51  4:02  Drone x3  
  53  4:03  Drone x2  
  53  4:05  Extractor  
  53  4:07  Extractor  
  52  4:22  Drone x5  
  52  4:23  Drone  
  58  4:27  Lair  
  58  4:32  Drone  
  58  4:33  Drone x2  
  61  4:43  Overlord x2  
  61  4:44  Roach x3  
  67  4:53  Overlord  
  67  4:57  Evolution Chamber  
  67  4:59  Evolution Chamber  
  65  5:00  Roach  
  65  5:02  Queen  
  65  5:04  Overlord  
  65  5:06  Roach x3  
  75  5:21  Overlord  
  75  5:27  Spore Crawler  
  74  5:28  Spore Crawler  
  74  5:29  Spore Crawler, Roach  
  74  5:30  Roach x4  
  74  5:31  Glial Reconstitution  
  79  5:47  Drone  
  79  5:48  Drone, Spore Crawler  
  80  5:55  Drone x2  
  80  5:56  Drone x4  
  86  5:58  Zerg Missile Weapons Level 1  
  86  6:05  Zerg Ground Armor Level 1  
  87  6:11  Drone x4  
  87  6:17  Drone  
  91  6:27  Overlord x2  
  88  6:46  Drone x6  
  95  6:47  Drone x2  
  95  6:49  Extractor x2  
  90  7:02  Drone x3  
  89  7:15  Drone x2  
  89  7:19  Drone, Queen  
  93  7:30  Hydralisk Den  
  93  7:32  Drone x4  
  93  7:34  Roach x2  
  100  7:46  Roach x4  
  100  7:50  Overlord  
  108  7:52  Overlord  
  108  7:53  Spore Crawler x2  
  108  7:56  Hatchery  
  104  8:06  Drone  
  104  8:12  Roach x5  
  117  8:13  Roach  
  117  8:16  Zerg Ground Armor Level 2, Zerg Missile Weapons Level 2  
  117  8:28  Roach x4  
  117  8:29  Roach x2  
  117  8:30  Overlord x2  
  117  8:31  Overlord x2  
  129  8:39  Overlord x2  
  129  8:47  Muscular Augments  
  129  8:51  Hatchery  
  129  8:54  Burrow  
  128  8:57  Hydralisk x6  
  128  8:58  Hydralisk x2  
  145  9:12  Hydralisk x2  
  145  9:13  Hydralisk x2  
  145  9:15  Hatchery  
  151  9:25  Hydralisk x3  
  133  9:42  Hydralisk x2  
  117  9:47  Roach x4  
  123  9:59  Roach x5  
  127  10:13  Drone  
  127  10:14  Drone x5  
  131  10:15  Infestation Pit  
  132  10:21  Drone  
  132  10:22  Drone  
  132  10:23  Drone  
  135  10:32  Drone x5  
  140  10:40  Hydralisk x2  
  140  10:41  Hydralisk  
  146  10:49  Pneumatized Carapace  
  146  10:52  Hive  
  146  10:56  Hatchery  
  140  11:07  Hydralisk x4  
  140  11:08  Hydralisk x3  
  140  11:10  Drone x4  
  154  11:13  Hydralisk x5, Extractor x2  
  154  11:14  Hydralisk  
  164  11:34  Spore Crawler x2  
  164  11:36  Roach x2  
  164  11:39  Hydralisk x2  
  162  11:40  Hydralisk x4  
  174  11:49  Roach  
  174  11:50  Roach x7  
  174  11:52  Overlord x2  
  182  12:11  Viper x6  
  200  12:21  Zerg Ground Armor Level 3, Zerg Missile Weapons Level 3  
  196  12:54  Adrenal Glands  
  196  13:09  Queen  
  198  13:18  Roach  
  198  13:19  Roach x14  
  108  13:57  Roach x7  
  108  13:58  Roach x4  
  108  14:02  Hydralisk x10  
  99  14:03  Hydralisk x4  
  123  14:13  Viper x2  
  123  14:16  Viper  
  129  14:20  Roach x2  
  130  14:38  Viper  
  133  14:47  Hatchery  
  132  14:57  Roach x9  
  148  15:10  Roach  
  148  15:11  Roach x5  
  156  15:37  Roach x5  
  148  15:45  Roach  
  148  15:46  Drone x3  
  148  15:47  Drone x11  
  138  16:00  Hydralisk x7  
  138  16:03  Roach x3  
  148  16:15  Drone  
  148  16:16  Drone x2  
  148  16:18  Hydralisk x4  
  155  16:25  Hydralisk x3  
  165  16:40  Roach x7  
  165  16:41  Roach x2  
  175  16:57  Roach x4  
  175  16:58  Roach x5  
Show
View Real Time Build Order
Export as new Build Order

Fullmetal Terran - Winner!

Build Orders: Liberator Opening, Reaper Expand, Bio Tank, MMM Bio 

Get SALT Encoding   

  12  0:01  SCV  
  13  0:13  SCV  
  14  0:18  Supply Depot  
  14  0:25  SCV  
  15  0:40  SCV  
  15  0:42  Barracks  
  16  0:46  Refinery  
  16  0:52  SCV  
  17  1:04  SCV  
  18  1:16  SCV  
  19  1:29  Orbital Command  
  19  1:30  Reaper  
  20  1:42  Command Center  
  20  1:55  SCV  
  20  1:56  Supply Depot  
  20  1:59  Refinery  
  21  2:07  SCV  
  22  2:08  Barracks Reactor  
  22  2:20  SCV  
  23  2:26  Factory  
  23  2:33  SCV  
  24  2:45  Marine x2  
  24  2:50  SCV  
  27  2:54  Orbital Command  
  27  3:02  SCV  
  28  3:13  Starport  
  28  3:15  SCV  
  28  3:17  Hellion x2  
  28  3:18  Barracks Reactor  
  33  3:21  SCV  
  33  3:23  Refinery  
  34  3:30  SCV  
  34  3:33  SCV  
  36  3:38  Hellion x2  
  40  3:43  SCV  
  40  3:45  SCV  
  42  3:51  Liberator x2  
  42  3:55  SCV  
  42  3:57  SCV  
  42  4:01  Hellion  
  42  4:02  Barracks Tech Lab  
  46  4:08  Supply Depot, Hellion  
  54  4:10  Supply Depot  
  54  4:22  Stimpack  
  54  4:27  Supply Depot  
  54  4:29  Marine  
  54  4:30  SCV x2  
  57  4:37  Liberator  
  57  4:38  Liberator  
  57  4:42  SCV x2, Factory Reactor, Barracks  
  57  4:44  Barracks  
  59  4:54  SCV  
  59  4:57  SCV  
  67  5:01  Marine  
  68  5:12  SCV x2  
  70  5:21  Marauder  
  70  5:22  Command Center  
  70  5:27  SCV  
  73  5:29  Liberator  
  73  5:31  Marine x2  
  73  5:32  Factory Tech Lab  
  75  5:37  SCV  
  76  5:49  SCV  
  73  5:51  Marauder, Marine x2  
  73  5:52  Siege Tank  
  78  6:02  Supply Depot  
  78  6:03  Supply Depot  
  78  6:05  Engineering Bay  
  78  6:07  Liberator  
  78  6:23  Refinery  
  78  6:24  SCV, Marine x4  
  78  6:25  SCV  
  87  6:28  Engineering Bay  
  87  6:30  Marine  
  88  6:36  SCV  
  89  6:41  Marine  
  89  6:42  Orbital Command  
  89  6:43  Siege Tank, Barracks  
  89  6:47  Barracks  
  93  6:50  SCV  
  93  6:53  SCV  
  92  6:57  Marine  
  92  6:58  Marine x2  
  92  7:01  Combat Shields  
  85  7:04  SCV, Liberator x2, Orbital Command  
  85  7:08  Marine x2  
  85  7:15  Marine  
  85  7:16  Terran Infantry Weapons Level 1, Terran Infantry Armor Level 1  
  89  7:26  SCV  
  89  7:27  SCV, Marine x3  
  89  7:28  Marauder  
  96  7:30  SCV  
  96  7:32  Barracks Reactor  
  96  7:36  Marine  
  99  7:40  Barracks Reactor  
  99  7:41  SCV x2  
  100  7:44  Supply Depot  
  100  7:46  Siege Tank  
  100  7:48  SCV  
  100  7:49  Marine  
  100  7:50  Supply Depot, Marine x3  
  108  7:53  SCV, Liberator  
  108  7:55  Liberator  
  109  8:01  Supply Depot  
  109  8:05  Marine  
  109  8:08  Marine x2  
  118  8:17  Refinery, Marine x3  
  118  8:18  Marine x2  
  123  8:22  SCV x2  
  123  8:23  Marine x2  
  123  8:24  Supply Depot  
  123  8:26  SCV  
  125  8:31  Barracks  
  125  8:34  Siege Tank  
  125  8:35  Barracks  
  125  8:37  Command Center  
  125  8:39  Marine x3, Liberator  
  125  8:40  Supply Depot  
  131  8:43  Marine  
  131  8:44  Liberator  
  131  8:47  Armory  
  132  8:50  Supply Depot, Marine x4  
  132  8:51  Supply Depot  
  136  9:01  Missile Turret  
  142  9:03  Supply Depot  
  142  9:04  Missile Turret x2  
  142  9:06  Marine x3  
  142  9:08  Marine x3  
  146  9:14  Refinery  
  146  9:21  Liberator  
  146  9:23  Marine x3  
  148  9:27  Liberator  
  147  9:36  Marine  
  147  9:37  Marine x3  
  125  9:39  Marine x2  
  103  9:45  Marine x2  
  103  9:46  Barracks Reactor, Marine  
  103  9:49  SCV x2  
  103  9:52  Siege Tank  
  106  9:53  Marine  
  106  9:54  Marine x2  
  106  9:55  Marine  
  106  9:56  Marine  
  106  9:59  Marine x2  
  108  10:03  Marine  
  108  10:04  Liberator  
  107  10:08  Terran Infantry Weapons Level 2  
  107  10:10  Barracks Reactor  
  107  10:11  Marine x2  
  109  10:15  SCV x2  
  109  10:18  Marine x4  
  109  10:19  Marine x2  
  109  10:21  Marine  
  117  10:22  Marine x2  
  117  10:27  Medivac  
  125  10:29  Marine x2  
  125  10:30  Siege Tank  
  130  10:36  Marine x4  
  130  10:38  Marine x2  
  130  10:40  Terran Infantry Armor Level 2  
  130  10:41  Marine x2  
  138  10:43  Terran Vehicle Weapons Level 1  
  138  10:44  Marine  
  138  10:46  Marine  
  138  10:47  Marine x3  
  143  10:51  Liberator  
  143  10:52  Liberator  
  143  10:54  Marine x4  
  143  10:56  Marine  
  148  10:58  Marine  
  148  10:59  Marine  
  148  11:01  Marine  
  148  11:02  Marine  
  152  11:05  Marine x2  
  152  11:06  Marine x2  
  159  11:11  Marine  
  159  11:12  Marine x3  
  159  11:13  Siege Tank  
  159  11:14  Marine  
  159  11:17  SCV x2  
  169  11:20  Supply Depot, Marine  
  169  11:22  Supply Depot  
  170  11:32  Marine x4  
  174  11:33  Marine x4  
  174  11:39  Marine x2  
  180  11:43  Planetary Fortress  
  180  11:45  Marine  
  180  11:46  Sensor Tower  
  181  11:49  Marine  
  181  11:50  Marine x3  
  181  11:53  Marine x3  
  188  11:57  Medivac x2  
  192  12:03  Marauder  
  192  12:07  Barracks Reactor, Starport  
  192  12:13  Marine x2  
  194  12:16  Siege Tank  
  194  12:18  Marine  
  194  12:21  Factory  
  194  12:22  Marine x2  
  195  12:23  Marine x3  
  195  12:24  Marine  
  195  12:25  Marine  
  195  12:28  Medivac  
  200  12:34  Terran Infantry Weapons Level 3  
  199  12:41  Marine x2  
  200  12:49  Starport Reactor  
  200  12:50  Missile Turret, Marine  
  200  12:54  Sensor Tower  
  200  12:56  Command Center  
  200  13:03  Terran Infantry Armor Level 3  
  200  13:05  Terran Vehicle Weapons Level 2  
  193  13:17  Marine x2  
  193  13:19  Siege Tank  
  176  13:21  Medivac  
  178  13:27  Marine x4  
  178  13:28  Marauder, Marine x3  
  178  13:30  Factory Tech Lab  
  187  13:36  Factory  
  187  13:38  Marine  
  187  13:39  Marine x2  
  187  13:41  Command Center  
  190  13:44  Marine  
  190  13:45  Marine  
  149  13:49  Marine x2  
  149  13:50  Marine x6  
  149  13:52  Siege Tank  
  131  13:56  Marine x2  
  131  13:57  Marine  
  131  14:02  Medivac, Marine  
  127  14:03  Marine, Medivac  
  127  14:07  Marine  
  127  14:08  Marauder  
  130  14:12  Barracks  
  130  14:17  Marine x2  
  130  14:21  Marine x3  
  135  14:24  Marine x2  
  135  14:29  Marine x2  
  139  14:33  Factory Tech Lab  
  139  14:37  Siege Tank  
  139  14:38  Marine x2  
  143  14:40  Missile Turret x2  
  143  14:41  Marine  
  143  14:42  Marine  
  143  14:44  Medivac  
  148  14:47  Medivac  
  148  14:49  Marine  
  148  14:51  Marine x2  
  152  14:54  Marine x2  
  152  14:59  Orbital Command  
  154  15:05  Marine x3  
  154  15:06  Marauder  
  159  15:10  Refinery, Siege Tank  
  162  15:15  Planetary Fortress  
  162  15:16  Marine x2  
  162  15:20  Marine x2  
  162  15:25  Marine x5  
  162  15:26  Marine x3  
  165  15:34  Marine  
  165  15:35  Marine x3  
  152  15:43  Siege Tank  
  152  15:46  Marine  
  152  15:47  Marine x2  
  146  15:50  SCV x2  
  146  15:51  SCV x2, Marine  
  146  15:52  Marine x2  
  146  15:56  Marine  
  147  15:59  Marine  
  147  16:00  Marauder, Marine  
  151  16:06  SCV x3  
  151  16:09  Marine  
  151  16:10  Marine  
  156  16:14  Medivac  
  156  16:15  Orbital Command  
  156  16:16  Barracks Tech Lab  
  158  16:20  Marine x2  
  158  16:24  Marine x2  
  162  16:26  Marine x2  
  164  16:39  Marine x2  
  165  16:40  Marauder x2, Marine  
  165  16:44  Missile Turret  
  165  16:45  Marine  
  172  16:48  Marine  
  172  16:52  Marine  
  172  16:53  Marine  
  170  16:57  Marine x3  
  170  16:58  Marine  
  177  17:01  Marine  
  177  17:02  Marine  
Tags
 
Add a new tag
Caveats
  • Supply blocks, unpowered buildings, or Contaminate may cause inaccurate times.
  • Supply counts are checked every 10 seconds.